 Dungeon Crawl Stone Soup version 0.29.1-2-gbd0b4ee654 (webtiles) character file.

Game seed: 6319919995652369769

91 xian the Magician (level 4, -2/30 HPs)
             Began as a Demonspawn Earth Elementalist on Oct 29, 2022.
             Was an Initiate of Gozag.
             Slain by an orc wizard
             ... wielding a +0 dagger
              (3 damage)
             ... on level 3 of the Dungeon.
             The game lasted 00:03:53 (1794 turns).

xian the Magician (Demonspawn Earth Elementalist)   Turns: 1794, Time: 00:03:53

Health: -2/30      AC:  2    Str:  8    XL:     4   Next: 34%
Magic:  0/9        EV: 12    Int: 19    God:    Gozag
Gold:   184        SH:  0    Dex: 13    Spells: 3/9 levels left

rFire   . . .      SeeInvis .   d - +0 hand axe
rCold   . . .      Faith    .   (no shield)
rNeg    . . .      Spirit   .   a - +0 robe
rPois   .          Reflect  .   (no helmet)
rElec   .          Harm     .   (no cloak)
rCorr   .          Rampage  .   (gloves unavailable)
Will    .....                   (no boots)
Stlth   ++........              (no amulet)
HPRegen 0.10/turn               (no ring)
MPRegen 0.11/turn               (no ring)

@: no status effects
A: claws 3
a: Renounce Religion, Potion Petition, Call Merchant, Bribe Branch


You were on level 3 of the Dungeon.
You worshipped Gozag.
Gozag was aware of your devotion.
You visited 1 branch of the dungeon, and saw 3 of its levels.

You collected 184 gold pieces.

Inventory:

Hand Weapons
 d - a +0 hand axe (weapon)
Armour
 a - a +0 robe (worn)
Wands
 h - a wand of paralysis (9)
Scrolls
 c - a scroll of fear {unknown}
 e - 4 scrolls of teleportation
 f - a scroll of enchant armour
 g - a scroll of magic mapping
Potions
 b - a potion of magic
 j - a potion of ambrosia {unknown}
 k - a potion of invisibility {unknown}


   Skills:
 + Level 0.1 Fighting
 + Level 2.1 Dodging
 + Level 1.9 Stealth
 + Level 3.4 Spellcasting
 + Level 0.8 Transmutations
 + Level 3.3 Earth Magic


You had 3 spell levels left.
You knew the following spells:

 Your Spells              Type           Power      Damage    Failure   Level
a - Sandblast             Erth           32%        2d9       3%          1
b - Passwall              Tmut/Erth      9%         N/A       10%         2
c - Stone Arrow           Conj/Erth      18%        3d8       22%         3

Your spell library contained the following spells:

 Spells                   Type           Power      Damage    Failure   Level
 Petrify                  Tmut/Erth      11%        N/A       52%         4


Dungeon Overview and Level Annotations

Branches:
Dungeon (3/15)

Altars:
Gozag

Shops:
D:1 *

Annotations:
D:2 Robin


Innate Abilities, Weirdness & Mutations

You have claws for hands.


Message History

You feel clever.
Your demonic ancestry asserts itself...
Your hands twist into claws.
Unknown command.
Unknown command.
You feel better.
Unknown command.
The blast of sand hits the orc.
The orc is moderately wounded.
The orc hits you with a +0 short sword. The orc closely misses you.
You hear some strange, mumbled words.
A magic dart appears from out of thin air!
The magic dart hits you.
Unknown command.
You are too injured to fight recklessly!
You are too injured to fight recklessly!
You are too injured to fight recklessly!
Unknown command.
Casting: Sandblast (safe; 3% risk of failure)
Confirm with . or Enter, or press ? or * to list all spells.
Aiming: Sandblast (safe; 3% risk of failure)
Press: ? - help, Shift-Dir - straight line, f/p - orc
Aim: an orc, wielding a +0 short sword and wearing a +0 leather armour (moderately wounded, 82% to hit)
The blast of sand misses the orc.
The orc hits you with a +0 short sword. Something hits you.
Unknown command.
Casting: Sandblast (safe; 3% risk of failure)
Confirm with . or Enter, or press ? or * to list all spells.
Aiming: Sandblast (safe; 3% risk of failure)
Press: ? - help, Shift-Dir - straight line, f/p - orc
Aim: an orc, wielding a +0 short sword and wearing a +0 leather armour (moderately wounded, 82% to hit)
The blast of sand misses the orc.
The orc hits you with a +0 short sword.
* * * LOW HITPOINT WARNING * * *
Something barely misses you. Something hits you.
* * * LOW HITPOINT WARNING * * *
The orc hits you with a +0 short sword.
* * * LOW HITPOINT WARNING * * *
Unknown command.
Something hits you.
You die...
Your body crumbles into a pile of gold.

#..## #...### #.#. #
#..... .... .. #...#
... . .##.#### #...#
.##.. #......# #...#
....
#.#.##.###$..#####.
.#
#.#.......{........
.#
#.#.#......o@........
$ .#
#.#.##.....).).......
.#
#.#.####.###...#####.
.# #.#......# #...#
## #....##### #...#
#....# #...# ##...#
#...# ##.## .......#
#######.# #$.#..#.#


You could see an orc.

Vanquished Creatures
  An orc wizard (D:3)
  A gnoll (D:1)
  2 adders (D:2)
  A dart slug (D:3)
  An orc (D:3)
  4 endoplasms
  A giant cockroach (D:3)
  5 goblins
  5 hobgoblins
  A quokka (D:3)
  A ball python (D:1)
  4 bats
  4 kobolds
  4 rats
35 creatures vanquished.

Notes
Turn   | Place    | Note
-------+----------+-------------------------------------------
     0 | D:1      | xian the Demonspawn Earth Elementalist began the quest for
                  | the Orb.
     0 | D:1      | Reached XP level 1. HP: 13/13 MP: 3/3
   351 | D:1      | Found Rabot's Assorted Antiques.
   564 | D:1      | Gained mutation: You have sharp fingernails. [demonic
                  | ancestry]
   564 | D:1      | Reached XP level 2. HP: 19/19 MP: 1/5
   754 | D:1      | Found a faded altar of an unknown god.
   778 | D:1      | Prayed at the altar of an unknown god.
   778 | D:1      | Became a worshipper of Gozag Ym Sagoz the Greedy
   878 | D:1      | Gained mutation: You have very sharp fingernails. [demonic
                  | ancestry]
   878 | D:1      | Reached XP level 3. HP: 24/24 MP: 2/7
  1307 | D:3      | Learned a level 2 spell: Passwall
  1311 | D:3      | Learned a level 3 spell: Stone Arrow
  1316 | D:2      | Noticed Robin
  1789 | D:3      | Gained mutation: You have claws for hands. [demonic
                  | ancestry]
  1789 | D:3      | Reached XP level 4. HP: 8/30 MP: 2/9
  1793 | D:3      | HP: 1/30 [orc/+0 short sword (4)]
  1794 | D:3      | Slain by an orc wizard

Illustrated notes

Levels and vault maps discovered:
D:1:      heliophobic_arrival_enchanted_forest, layout_loops_cross,
          ebering_ecumenical_altar_webs, serial_shops, shop,
          chequers_serial_rivers_large_b, dreamdust_princess_corridor,
          hangedman_decor_points, minmay_small_reverse_x
D:2:      layout_rooms, uniq_robin
D:3:      layout_loops_cross, minitemple, serial_shops, nicolae_shop_stone

Skill      XL: |  1  2  3 |
---------------+----------+-----
Dodging        | 2 |  2.1
Spellcasting   | 3 |  3.4
Earth Magic    | 3 |  3.3
Fighting       | |  0.1
Stealth        | |  1.9
Transmutations | |  0.8

Action                   |  1- 3 |  4- 6 || total
-------------------------+-------+-------++-------
Melee: Hand axe          |    18 |       ||    18
 Cast: Sandblast         |    52 |     3 ||    55
  Use: Scroll            |     5 |       ||     5
       Potion            |       |     1 ||     1
Armor: Robe              |     9 |       ||     9
Dodge: Dodged            |    34 |     2 ||    36
